 Dungeon Crawl Stone Soup version 0.21.1-1-g345015f (webtiles) character file.

156 wojtek the Chopper (level 5, 1/45 HPs)
             Began as a Minotaur Fighter on July 1, 2018.
             Quit the game on level 3 of the Dungeon.
             The game lasted 00:03:06 (2138 turns).

wojtek the Chopper (Minotaur Fighter)               Turns: 2138, Time: 00:03:07

Health: 1/45       AC:  9    Str: 21 (22) XL:     5   Next: 15%
Magic:  4/4        EV:  5    Int:  8 (9)  God:
Gold:   130        SH:  9    Dex:  8 (9)  Spells: 4/4 levels left

rFire    + . .     SeeInvis .   a - +0 war axe
rCold    + . .     Gourm    .   c - +0 shield
rNeg     . . .     Faith    .   j - +0 chain mail (curse)
rPois    +         Spirit   .   (helmet restricted)
rElec    +         Reflect  .   (no cloak)
rCorr    +         Harm     .   (no gloves)
MR       .....                  (no boots)
Stlth    ..........             (no amulet)
HPRegen  0.15/turn              r - +4 ring of intelligence
MPRegen  0.09/turn              (no ring)

@: lethally poisoned (1 -> -1), resistant, very slightly contaminated, hasted,
invisible, very quick
A: retaliatory headbutt, horns 2
a: no special abilities


You were on level 3 of the Dungeon.
You were not hungry.

You visited 1 branch of the dungeon, and saw 3 of its levels.

You collected 130 gold pieces.

Inventory:

Hand Weapons
 a - a +0 war axe (weapon)
Armour
 c - a +0 shield (worn)
 j - a cursed +0 chain mail (worn)
Jewellery
 r - a +4 ring of intelligence (left hand)
Scrolls
 b - a scroll of magic mapping {unknown}
 e - a scroll of identify {unknown}
 g - 3 scrolls of remove curse {unknown}
 h - a scroll of immolation {unknown}
 k - a scroll of noise {unknown}
 l - 4 scrolls of amnesia {unknown}
Potions
 d - a potion of might
Comestibles
 f - 9 rations
 q - 2 chunks of flesh


   Skills:
 - Level 3.6 Fighting
 + Level 6.5 Axes
 - Level 3.6 Armour
 - Level 3.6 Shields


You had 4 spell levels left.
You didn't know any spells.

Dungeon Overview and Level Annotations

Branches:
Dungeon (3/15)

Altars:
Sif Muna


Innate Abilities, Weirdness & Mutations

You reflexively headbutt those who attack you in melee.
You have a pair of horns on your head.


Message History

* * * LOW HITPOINT WARNING * * *
You feel sick.
You see here 12 gold pieces.
A hobgoblin comes into view.
* * * LOW HITPOINT WARNING * * *
You feel sick.
The hobgoblin shouts!
An orc comes into view.
The orc shouts!
* * * LOW HITPOINT WARNING * * *
You feel sick.
The orc shouts!
The orc shouts!
You see here 12 gold pieces.
* * * LOW HITPOINT WARNING * * *
You feel sick.
You see here a chunk of flesh.
* * * LOW HITPOINT WARNING * * *
You feel sick.
Are you sure you want to abandon this character and quit the game? (Confirm with "yes".)

#....)..........#
#.#############.# #.# #.# #.#
#.##### ##.### #.#...
.....###########.#.##############
...........................>.....
##.#.####.######.#.%...$.........
#.#.# #@#.)............. #.#.##
#.# #.#............... #.#..# #.#
#.#..........o.... ##.##.# #.#
#.#............... ......# #.#
#.#######.......g. ##.#..###.#
###.#######......... #.#..รท##.#
#...................
#.#.#.##.####.#.########
..#.#...........########


There were no monsters in sight!

Vanquished Creatures
  A worker ant (D:3)
  3 gnolls (D:2)
  4 adders (D:2)
  2 worms
  3 dart slugs (D:1)
  A leopard gecko (D:1)
  An orc (D:3)
  3 giant cockroaches
  4 goblins
  8 hobgoblins
  A quokka (D:2)
  2 ball pythons
  8 bats
  3 frilled lizards (D:1)
  7 kobolds
  5 rats
  A plant (D:2)
57 creatures vanquished.

Notes
Turn   | Place    | Note
-------+----------+-------------------------------------------
     0 | D:1      | wojtek the Minotaur Fighter began the quest for the Orb.
     0 | D:1      | Reached XP level 1. HP: 19/19 MP: 0/0
    63 | D:1      | Reached skill level 3 in Axes
    68 | D:1      | Reached XP level 2. HP: 22/26 MP: 1/1
   344 | D:1      | Reached skill level 4 in Axes
   453 | D:1      | Reached XP level 3. HP: 29/31 MP: 2/2
   649 | D:2      | Reached skill level 5 in Axes
   924 | D:2      | Reached XP level 4. HP: 26/39 MP: 3/3
  1278 | D:2      | Reached skill level 6 in Axes
  1735 | D:2      | Found a deep blue altar of Sif Muna.
  2111 | D:3      | Reached XP level 5. HP: 13/45 MP: 4/4
  2128 | D:3      | HP: 2/45 [poisoned by a worker ant]
  2136 | D:3      | HP: 1/45 [poisoned by a worker ant]
  2138 | D:3      | Quit the game

Skill      XL: |  1  2  3  4 |
---------------+-------------+-----
Axes           | 3 4 5 6 |  6.5
Fighting       | |  3.6
Armour         | |  3.6
Shields        | |  3.6

Action                   |  1- 3 |  4- 6 || total
-------------------------+-------+-------++-------
Melee: War axe           |    71 |    77 ||   148
       Headbutt          |    15 |    17 ||    32
  Use: Potion            |     1 |     5 ||     6
  Eat: Chunk             |       |     4 ||     4
Armor: Scale mail        |     9 |       ||     9
       Chain mail        |    37 |    26 ||    63
Dodge: Dodged            |    19 |    21 ||    40
Block: Shield            |    33 |    29 ||    62
